| TOP OF THE 1ST |
|
Cleveland Indians batting - Pitching for California Angels : RHP Franz Holzknecht
|
|
Pitching: RHP Franz Holzknecht
|
|
|
Batting: LHB Hector Pedroso
|
0-0: Ball 1-0: Called Strike 1-1: Foul Ball, location: 2F 1-2: Ball 2-2: Ground out 4-3 (Groundball, 4, EV 88.8 MPH)
|
|
Batting: LHB Kyle Schaible
|
0-0: Called Strike 0-1: Ball 1-1: Foul Ball, location: 2F 1-2: Ball 2-2: Strikes out swinging
|
|
Batting: SHB Moe Lester
|
0-0: Called Strike 0-1: Foul Ball, location: 2F 0-2: DOUBLE (Line Drive, 89M, EV 96.2 MPH)
|
|
Batting: SHB Merrick Geter
|
0-0: Fly out, F6 (Popup, P, EV 71.9 MPH)
|
| Top of the 1st over - 0 runs, 1 hit, 0 errors, 1 left on base; Cleveland 0 - California 0 |
| BOTTOM OF THE 1ST |
|
California Angels batting - Pitching for Cleveland Indians : RHP Jon Glenn
|
|
Pitching: RHP Jon Glenn
|
|
|
Batting: LHB Javier Trujillo
|
0-0: Ball 1-0: Ball 2-0: Ball 3-0: Called Strike 3-1: Foul Ball, location: 2F 3-2: Base on Balls
|
|
Batting: LHB Micah Miller
|
0-0: Called Strike 0-1: Ball 1-1: Ball 2-1: Swinging Strike 2-2: Strikes out swinging
|
|
Batting: RHB Alain Delhaye
|
0-0: Called Strike 0-1: Ball 1-1: Ball 2-1: Foul Ball, location: 2F 2-2: Foul Ball, location: 2F 2-2: Fly out, F7 (Flyball, 7S, EV 86.9 MPH)
|
|
Batting: SHB Aldo Questi
|
0-0: Ball Javier Trujillo steals 2nd, throwing error, E2 Javier Trujillo to third 1-0: Ball 2-0: Called Strike 2-1: Fly out, F9 (Flyball, 9S, EV 80.6 MPH)
|
| Bottom of the 1st over - 0 runs, 0 hits, 1 error, 1 left on base; Cleveland 0 - California 0 |
| TOP OF THE 2ND |
|
Cleveland Indians batting - Pitching for California Angels : RHP Franz Holzknecht
|
|
Batting: LHB Arvin Dungca
|
0-0: Fly out, F6 (Popup, P, EV 85.0 MPH)
|
|
Batting: LHB Fernando Campos
|
0-0: Called Strike 0-1: Called Strike 0-2: Ball 1-2: Strikes out swinging
|
|
Batting: RHB Jesus Galvan
|
0-0: Called Strike 0-1: Ground out 4-3 (Groundball, 4, EV 98.1 MPH)
|
| Top of the 2nd over - 0 runs, 0 hits, 0 errors, 0 left on base; Cleveland 0 - California 0 |
| BOTTOM OF THE 2ND |
|
California Angels batting - Pitching for Cleveland Indians : RHP Jon Glenn
|
|
Batting: RHB Dietmar Warmisch
|
0-0: Called Strike 0-1: Foul Ball, location: 2F 0-2: Ball 1-2: Ball 2-2: Foul Ball, location: 2F 2-2: Foul Ball, location: 2F 2-2: Strikes out swinging
|
|
Batting: RHB Nick Dunn
|
0-0: Ball 1-0: Swinging Strike 1-1: Ball 2-1: SINGLE (Line Drive, 8LS, EV 110.6 MPH)
|
|
Batting: LHB Jack Bell
|
0-0: Called Strike 0-1: Ball 1-1: Ball 2-1: Foul Ball, location: 2F 2-2: Foul Ball, location: 2F 2-2: Fielders Choice at 2nd, 4-6 (Groundball, 34, EV 90.0 MPH)
|
|
Batting: RHB Danny Odom
|
0-0: Called Strike 0-1: Ball 1-1: Called Strike 1-2: Strikes out swinging
|
| Bottom of the 2nd over - 0 runs, 1 hit, 0 errors, 1 left on base; Cleveland 0 - California 0 |
| TOP OF THE 3RD |
|
Cleveland Indians batting - Pitching for California Angels : RHP Franz Holzknecht
|
|
Batting: SHB Dan Hill
|
0-0: Ground out 4-3 (Groundball, 4, EV 80.0 MPH)
|
|
Batting: RHB C.J. Sagle
|
0-0: Ball 1-0: Called Strike 1-1: Called Strike 1-2: Ball 2-2: Fly out, F6 (Line Drive, 6, EV 61.2 MPH)
|
|
Batting: LHB Hector Pedroso
|
0-0: Ball 1-0: Ground out 4-3 (Groundball, 4M, EV 84.4 MPH)
|
| Top of the 3rd over - 0 runs, 0 hits, 0 errors, 0 left on base; Cleveland 0 - California 0 |
| BOTTOM OF THE 3RD |
|
California Angels batting - Pitching for Cleveland Indians : RHP Jon Glenn
|
|
Batting: RHB Gael Jones
|
0-0: Ball 1-0: Ground out U3 (Groundball, 34S, EV 84.4 MPH)
|
|
Batting: LHB Javier Trujillo
|
0-0: Ball 1-0: Foul Ball, location: 2F 1-1: Foul Ball, location: 2F 1-2: Ground out 4-3 (Groundball, 4, EV 107.5 MPH)
|
|
Batting: LHB Micah Miller
|
0-0: Ball 1-0: Ball 2-0: Foul Ball, location: 2F 2-1: Ball 3-1: Swinging Strike 3-2: Base on Balls
|
|
Batting: RHB Alain Delhaye
|
0-0: Ball 1-0: Ball 2-0: Ball 3-0: Called Strike 3-1: Fly out, F4 (Popup, 4, EV 60.0 MPH)
|
| Bottom of the 3rd over - 0 runs, 0 hits, 0 errors, 1 left on base; Cleveland 0 - California 0 |
| TOP OF THE 4TH |
|
Cleveland Indians batting - Pitching for California Angels : RHP Franz Holzknecht
|
|
Batting: LHB Kyle Schaible
|
0-0: Called Strike 0-1: Ball 1-1: Swinging Strike 1-2: Foul Ball, location: 2F 1-2: Fly out, F8 (Flyball, 8RM, EV 93.8 MPH)
|
|
Batting: SHB Moe Lester
|
0-0: Foul Ball, location: 2F 0-1: Swinging Strike 0-2: Fly out, F8 (Line Drive, 8LD, EV 97.5 MPH)
|
|
Batting: SHB Merrick Geter
|
0-0: Ball 1-0: Fly out, F8 (Line Drive, 8RD, EV 93.1 MPH)
|
| Top of the 4th over - 0 runs, 0 hits, 0 errors, 0 left on base; Cleveland 0 - California 0 |
| BOTTOM OF THE 4TH |
|
California Angels batting - Pitching for Cleveland Indians : RHP Jon Glenn
|
|
Batting: SHB Aldo Questi
|
0-0: Ball 1-0: Ground out 5-3 (Groundball, 56, EV 90.0 MPH)
|
|
Batting: RHB Dietmar Warmisch
|
0-0: Called Strike 0-1: Ball 1-1: Ball 2-1: Foul Ball, location: 2F 2-2: Ball 3-2: Foul Ball, location: 2F 3-2: Foul Ball, location: 2F 3-2: Fly out, F9 (Flyball, 89M, EV 87.5 MPH)
|
|
Batting: RHB Nick Dunn
|
0-0: Called Strike 0-1: Ball 1-1: Ball 2-1: Ground out 6-3 (Groundball, 6S, EV 88.8 MPH)
|
| Bottom of the 4th over - 0 runs, 0 hits, 0 errors, 0 left on base; Cleveland 0 - California 0 |
| TOP OF THE 5TH |
|
Cleveland Indians batting - Pitching for California Angels : RHP Franz Holzknecht
|
|
Batting: LHB Arvin Dungca
|
0-0: Ball 1-0: SINGLE (Line Drive, 9S, EV 110.6 MPH)
|
|
Batting: LHB Fernando Campos
|
0-0: Ball 1-0: Ball 2-0: Ground out 5-3 (Groundball, 56, EV 81.2 MPH) Arvin Dungca to second
|
|
Batting: RHB Jesus Galvan
|
0-0: Called Strike 0-1: Foul Ball, location: 2F 0-2: Ball 1-2: Ball 2-2: Fly out, F8 (Flyball, 89M, EV 78.8 MPH)
|
|
Batting: SHB Dan Hill
|
0-0: Ball 1-0: Ball 2-0: Ball 3-0: Base on Balls
|
|
Batting: RHB C.J. Sagle
|
0-0: Ball 1-0: Called Strike 1-1: Called Strike 1-2: Foul Ball, location: 2F 1-2: Ball 2-2: Ball 3-2: Foul Ball, location: 2F 3-2: Foul Ball, location: 2F 3-2: Ground out 5-3 (Groundball, 56, EV 90.6 MPH)
|
| Top of the 5th over - 0 runs, 1 hit, 0 errors, 2 left on base; Cleveland 0 - California 0 |
| BOTTOM OF THE 5TH |
|
California Angels batting - Pitching for Cleveland Indians : RHP Jon Glenn
|
|
Batting: LHB Jack Bell
|
0-0: Called Strike 0-1: Called Strike 0-2: Strikes out looking
|
|
Batting: RHB Danny Odom
|
0-0: Called Strike 0-1: Foul Ball, location: 2F 0-2: SINGLE (Groundball, 56, EV 94.4 MPH)
|
|
Batting: RHB Gael Jones
|
0-0: Ball 1-0: Ball 2-0: Ball 3-0: Called Strike 3-1: Base on Balls Danny Odom to second
|
|
Batting: LHB Javier Trujillo
|
0-0: Ball 1-0: Ball 2-0: Ball 3-0: Called Strike 3-1: SINGLE (Groundball, 34D, EV 101.9 MPH) Danny Odom to third Gael Jones to second
|
|
Batting: LHB Micah Miller
|
0-0: Fly out, F7 (Flyball, 7, EV 92.5 MPH) Runner from 3rd tags up, SCORES, throw by LF
|
|
Batting: RHB Alain Delhaye
|
0-0: Called Strike 0-1: Ball 1-1: Ball 2-1: Foul Ball, location: 2F 2-2: SINGLE (Line Drive, 7LS, EV 95.0 MPH) Gael Jones to third Javier Trujillo to second Runner from 3rd tries for Home, SAFE, throw by LF to home
|
|
Batting: SHB Aldo Questi
|
0-0: Called Strike 0-1: Foul Ball, location: 2F 0-2: Fielders Choice at 2nd, 6-4 (Groundball, 6, EV 110.6 MPH)
|
| Bottom of the 5th over - 2 runs, 3 hits, 0 errors, 2 left on base; Cleveland 0 - California 2 |
| TOP OF THE 6TH |
|
Cleveland Indians batting - Pitching for California Angels : RHP Franz Holzknecht
|
|
Batting: LHB Hector Pedroso
|
0-0: Ball 1-0: Called Strike 1-1: Swinging Strike 1-2: Ball 2-2: Ball 3-2: Strikes out swinging
|
|
Batting: LHB Kyle Schaible
|
0-0: Called Strike 0-1: SINGLE (Flyball, 9, EV 90.6 MPH)
|
|
Batting: SHB Moe Lester
|
0-0: Ball 1-0: Ball 2-0: Ball 3-0: Base on Balls Kyle Schaible to second
|
|
Batting: SHB Merrick Geter
|
0-0: DOUBLE (Line Drive, 78D, EV 107.5 MPH) Kyle Schaible scores Moe Lester to third
|
|
Batting: LHB Arvin Dungca
|
0-0: Ball 1-0: SINGLE (Groundball, 4, EV 109.4 MPH) Moe Lester scores Merrick Geter to third Runner from 3rd tries for Home, SAFE, throw by CF to home
|
|
Batting: LHB Fernando Campos
|
0-0: Ball 1-0: Called Strike Arvin Dungca steals 2nd, throwing error, E2 Arvin Dungca to third 1-1: Fly out, F7 (Line Drive, 7S, EV 88.1 MPH)
|
|
Batting: RHB Jesus Galvan
|
0-0: Ball 1-0: Ground out U3 (Groundball, 34, EV 88.8 MPH)
|
| Top of the 6th over - 3 runs, 3 hits, 1 error, 1 left on base; Cleveland 3 - California 2 |
| BOTTOM OF THE 6TH |
|
California Angels batting - Pitching for Cleveland Indians : RHP Jon Glenn
|
|
Pitching: RHP Alberto Pickett
|
|
|
Batting: RHB Dietmar Warmisch
|
0-0: Fly out, F8 (Line Drive, 8LD, EV 110.6 MPH)
|
|
Batting: RHB Nick Dunn
|
0-0: Called Strike 0-1: Called Strike 0-2: Ground out 5-3 (Groundball, 56, EV 81.2 MPH)
|
|
Batting: LHB Jack Bell
|
0-0: Called Strike 0-1: Ball 1-1: Ball 2-1: Foul Ball, location: 2F 2-2: Strikes out swinging
|
| Bottom of the 6th over - 0 runs, 0 hits, 0 errors, 0 left on base; Cleveland 3 - California 2 |
| TOP OF THE 7TH |
|
Cleveland Indians batting - Pitching for California Angels : RHP Franz Holzknecht
|
|
Batting: SHB Dan Hill
|
0-0: Ball 1-0: Ball 2-0: Ball 3-0: Base on Balls
|
|
Batting: RHB C.J. Sagle
|
0-0: Bunted foul 0-1: Reached on error, E1 (Groundball, 15, EV 43.8 MPH) Dan Hill to second
|
|
Batting: LHB Hector Pedroso
|
0-0: Sac Bunt to 2R - play at third, runner OUT! 2-5 C.J. Sagle to second
|
|
Batting: LHB Kyle Schaible
|
0-0: Called Strike 0-1: Swinging Strike 0-2: Strikes out swinging
|
|
Batting: SHB Moe Lester
|
0-0: Ball 1-0: Ball 2-0: Called Strike 2-1: Fielders Choice at 2nd, U6 (Groundball, 4MD, EV 81.2 MPH)
|
| Top of the 7th over - 0 runs, 0 hits, 1 error, 2 left on base; Cleveland 3 - California 2 |
| BOTTOM OF THE 7TH |
|
California Angels batting - Pitching for Cleveland Indians : RHP Alberto Pickett
|
|
Batting: RHB Danny Odom
|
0-0: Called Strike 0-1: Ball 1-1: Foul Ball, location: 2F 1-2: Strikes out swinging
|
|
Batting: RHB Gael Jones
|
0-0: Fly out, F9 (Flyball, 9LD, EV 98.1 MPH)
|
|
Batting: LHB Javier Trujillo
|
0-0: Ball 1-0: Ball 2-0: Ball 3-0: Base on Balls
|
|
Batting: LHB Micah Miller
|
0-0: Ball 1-0: Ball 2-0: Ball 3-0: Called Strike 3-1: Called Strike 3-2: Strikes out swinging
|
| Bottom of the 7th over - 0 runs, 0 hits, 0 errors, 1 left on base; Cleveland 3 - California 2 |
| TOP OF THE 8TH |
|
Cleveland Indians batting - Pitching for California Angels : RHP Franz Holzknecht
|
|
Batting: SHB Merrick Geter
|
0-0: Fly out, F9 (Flyball, 9LD, EV 80.0 MPH)
|
|
Batting: LHB Arvin Dungca
|
0-0: Foul Ball, location: 2F 0-1: Ball 1-1: Ball 2-1: Called Strike 2-2: Hit by Pitch
|
|
Pitching: RHP Joe Beam
|
|
|
Batting: LHB Fernando Campos
|
0-0: Ball 1-0: Ball 2-0: Ball 3-0: Base on Balls Arvin Dungca to second
|
|
Batting: RHB Jesus Galvan
|
0-0: Ball 1-0: Ball 2-0: Ball 3-0: Base on Balls Arvin Dungca to third Fernando Campos to second
|
|
Batting: SHB Dan Hill
|
0-0: Swinging Strike 0-1: Ball 1-1: Foul Ball, location: 2F 1-2: Foul Ball, location: 2F 1-2: Strikes out swinging
|
|
Batting: RHB C.J. Sagle
|
0-0: Called Strike 0-1: Called Strike 0-2: Foul Ball, location: 2F 0-2: Ball 1-2: Ball 2-2: Foul Ball, location: 2F 2-2: Strikes out swinging
|
| Top of the 8th over - 0 runs, 0 hits, 0 errors, 3 left on base; Cleveland 3 - California 2 |
| BOTTOM OF THE 8TH |
|
California Angels batting - Pitching for Cleveland Indians : RHP Alberto Pickett
|
|
Pitching: RHP Jay Woodall
|
|
|
Batting: RHB Alain Delhaye
|
0-0: Ball 1-0: Swinging Strike 1-1: Ball 2-1: Foul Ball, location: 2F 2-2: Strikes out swinging
|
|
Batting: SHB Aldo Questi
|
0-0: Ball 1-0: Called Strike 1-1: Ball 2-1: Ball 3-1: Foul Ball, location: 2F 3-2: Foul Ball, location: 2F 3-2: Base on Balls
|
|
Batting: RHB Dietmar Warmisch
|
0-0: Ball 1-0: Called Strike 1-1: Ball 2-1: Ball 3-1: Swinging Strike 3-2: Foul Ball, location: 2F 3-2: Foul Ball, location: 2F 3-2: Base on Balls Aldo Questi to second
|
|
Batting: RHB Nick Dunn
|
0-0: Ground out 6-3 (Groundball, 6M, EV 83.8 MPH) Aldo Questi to third Dietmar Warmisch to second
|
|
Batting: LHB Jack Bell
|
0-0: Ball 1-0: Swinging Strike 1-1: Swinging Strike 1-2: Strikes out swinging
|
| Bottom of the 8th over - 0 runs, 0 hits, 0 errors, 2 left on base; Cleveland 3 - California 2 |
| TOP OF THE 9TH |
|
Cleveland Indians batting - Pitching for California Angels : RHP Joe Beam
|
|
Pitching: RHP Austin Maki
|
|
|
Batting: LHB Hector Pedroso
|
0-0: Swinging Strike 0-1: Called Strike 0-2: Ball 1-2: Strikes out swinging
|
|
Batting: LHB Kyle Schaible
|
0-0: Ball 1-0: Foul Ball, location: 2F 1-1: Swinging Strike 1-2: Strikes out looking
|
|
Batting: SHB Moe Lester
|
0-0: Ball 1-0: Ball 2-0: Ball 3-0: Swinging Strike 3-1: Called Strike 3-2: Foul Ball, location: 2F 3-2: Foul Ball, location: 2F 3-2: Foul Ball, location: 2F 3-2: Foul Ball, location: 2F 3-2: Foul Ball, location: 2F 3-2: Base on Balls
|
|
Batting: SHB Merrick Geter
|
0-0: SINGLE (Groundball, 4MD, EV 94.4 MPH) Moe Lester to second
|
|
Batting: LHB Arvin Dungca
|
0-0: Called Strike 0-1: Foul Ball, location: 2F 0-2: Ball 1-2: Foul Ball, location: 2F 1-2: SINGLE (Line Drive, 8LS, EV 109.4 MPH) Moe Lester to third Merrick Geter to second Runner from 3rd tries for Home, SAFE, throw by CF to home
|
|
Batting: LHB Fernando Campos
|
0-0: Ball 1-0: SINGLE (Groundball, 3S, EV 75.6 MPH) (infield hit) Merrick Geter to third Arvin Dungca to second
|
|
Pitching: RHP Jakub Kvacek
|
|
|
Batting: RHB Jesus Galvan
|
0-0: SINGLE (Groundball, 6MD, EV 100.6 MPH) (infield hit) Merrick Geter scores Arvin Dungca to third Fernando Campos to second
|
|
Batting: SHB Dan Hill
|
0-0: Ground out U3 (Groundball, 3, EV 83.8 MPH)
|
| Top of the 9th over - 2 runs, 4 hits, 0 errors, 3 left on base; Cleveland 5 - California 2 |
| BOTTOM OF THE 9TH |
|
California Angels batting - Pitching for Cleveland Indians : RHP Jay Woodall
|
|
Pitching: RHP Hector Guerrero
|
|
|
Batting: RHB Danny Odom
|
0-0: Swinging Strike 0-1: Foul Ball, location: 2F 0-2: Ball 1-2: Strikes out swinging, 2-3 out at first.
|
|
Pinch Hitting: LHB Josh Cook
|
0-0: Swinging Strike 0-1: Ball 1-1: Ball 2-1: SINGLE (Line Drive, 5L, EV 94.4 MPH)
|
|
Batting: LHB Javier Trujillo
|
0-0: Called Strike 0-1: Called Strike 0-2: Foul Ball, location: 2F 0-2: Ball 1-2: Ball 2-2: Ball 3-2: Grounds into double play, 5-4-3 (Groundball, 56S, EV 88.1 MPH)
|
| Bottom of the 9th over - 0 runs, 1 hit, 0 errors, 0 left on base; Cleveland 5 - California 2 |
|